 Dungeon Crawl Stone Soup version 0.29.0-11-gd7f09526c8 (webtiles) character file.

Game seed: 5567826534412306615

35 brainsironically the Sneak (level 3, -2/18 HPs)
             Began as a Spriggan Brigand on Sept 5, 2022.
             Was a High Priest of Ignis.
             Slain by a goblin
             ... wielding a +0 club
             ... led by Robin
              (6 damage)
             ... on level 2 of the Dungeon.
             The game lasted 00:11:07 (1150 turns).

brainsironically the Sneak (Spriggan Brigand)       Turns: 1150, Time: 00:11:08

Health: -2/18      AC:  4    Str:  9    XL:     3   Next: 17%
Magic:  4/4        EV: 16    Int: 12    God:    Ignis [*****.]
Gold:   41         SH:  0    Dex: 16    Spells: 2/2 levels left

rFire   + . .      SeeInvis +   a - +2 dagger
rCold   . . .      Faith    .   (no shield)
rNeg    . . .      Spirit   .   b - +0 robe
rPois   .          Reflect  .   (helmet restricted)
rElec   .          Harm     .   c - +1 cloak
rCorr   .          Rampage  .   (gloves unavailable)
Will    .....                   (boots unavailable)
Stlth   ++++......              (no amulet)
HPRegen 0.06/turn               (no ring)
MPRegen 0.09/turn               (no ring)

@: very quick
A: very small, no large weapons, unfitting armour, see invisible, speed 3
a: Renounce Religion, Fiery Armour, Foxfire Swarm, Rising Flame


You were on level 2 of the Dungeon.
You worshipped Ignis.
Ignis was extremely pleased with you.
You visited 1 branch of the dungeon, and saw 2 of its levels.

You collected 41 gold pieces.

Inventory:

Hand Weapons
 a - a +2 dagger (weapon)
 h - a +0 dagger
 j - a +0 club
 k - a +0 dagger
 n - a +0 whip
 p - a +0 dagger
 q - a +0 dagger
 s - a +0 club
 t - a +0 club
 w - a +0 club
Missiles
 d - 14 poisoned darts (quivered)
 e - 3 curare-tipped darts
 r - 11 stones
Armour
 b - a +0 robe (worn)
 c - a +1 cloak (worn)
 i - a +0 leather armour
 u - a +0 leather armour
 z - a +3 plate armour
Scrolls
 f - 2 scrolls of identify
 g - a scroll of enchant armour
 l - a scroll of magic mapping {unknown}
 v - a scroll of noise {unknown}
 y - a scroll of fog {unknown}
Potions
 m - 2 potions of haste {unknown}
 o - a potion of lignification {unknown}
 x - a potion of flight {unknown}


   Skills:
 + Level 1.9 Fighting
 + Level 2.5 Short Blades
 + Level 2.0 Throwing
 + Level 1.8 Dodging
 + Level 6.9 Stealth


You had 2 spell levels left.
You didn't know any spells.
Your spell library was empty.

Dungeon Overview and Level Annotations

Branches:
Dungeon (2/15)

Altars:
Xom
Ignis

Annotations:
D:2 Robin


Innate Abilities, Weirdness & Mutations

You are very small and have problems with some larger weapons.
You are too small for most types of armour.
You have supernaturally acute eyesight. (SInv)
You cover ground extremely quickly. (Speed+++)


Message History

The goblin closely misses you.
You hear a shout!
You closely miss the goblin.
The goblin is severely wounded.
A goblin comes into view. It is wielding a +0 dagger.
A hobgoblin comes into view.
Robin roars a battlecry!
The goblins go into a battle-frenzy!
The goblin misses you.
A goblin comes into view. It is wielding a +0 club.
The goblin shouts!
You hit the goblin.
You kill the goblin!
You hear a shout! x2; You hear an angry hiss.
The goblin hits you but does no damage.
A hobgoblin comes into view. x2
You hit the goblin.
The goblin is moderately wounded.
The goblin misses you. Robin throws the goblin at you!
You closely miss the goblin.
The goblin is moderately wounded.
An adder comes into view.
The goblin barely misses you. The goblin hits you with a +0 club.
The endoplasm hits you but does no damage.
You completely miss the endoplasm. The goblin hits you with a +0 club.
The goblin misses you.
The endoplasm hits you but does no damage.
The goblin hits you with a +0 club. The goblin barely misses you.
You hit the endoplasm.
The endoplasm is heavily wounded.
You hit the endoplasm.
You kill the endoplasm!
The goblin misses you. The goblin closely misses you. x2
A goblin comes into view. It is wielding a +0 dagger.
The goblin hits you with a +0 dagger. The goblin hits you with a +0 club.
* * * LOW HITPOINT WARNING * * *
The goblin unwields a +0 dagger.
The goblin wields a +0 sling.
The goblin shoots a sling bullet.
The sling bullet closely misses you. The goblin completely misses you.
The goblin hits you with a +0 club.
You die...

#.. .. ...## ..g_ ..
.... .S.. [.# ##
#..###.g.. ...##.
....gg. .
......#####...g# ..#
.#......#..ggg.#....
...........g.g<.....
..........)g@g......
...........g."......
....................
.........<..........
....................
..........).........
.........)..........
.##............#....
#####....#...#


You could see Robin, an adder, 4 hobgoblins and 8 goblins.

Vanquished Creatures
  3 bats (D:1)
  4 endoplasms
  3 giant cockroaches (D:1)
  7 goblins
  2 hobgoblins (D:1)
  2 quokkas (D:1)
  A ball python (D:1)
  2 frilled lizards
  3 kobolds (D:1)
  4 rats (D:1)
31 creatures vanquished.

Notes
Turn   | Place    | Note
-------+----------+-------------------------------------------
     0 | D:1      | brainsironically the Spriggan Brigand began the quest for
                  | the Orb.
     0 | D:1      | Reached XP level 1. HP: 10/10 MP: 2/2
   268 | D:1      | Reached skill level 6 in Stealth
   357 | D:1      | Found a faded altar of an unknown god.
   362 | D:1      | Reached XP level 2. HP: 14/14 MP: 3/3
   387 | D:1      | Prayed at the altar of an unknown god.
   387 | D:1      | Became a worshipper of Ignis, the Dying Flame
  1013 | D:1      | Reached XP level 3. HP: 18/18 MP: 4/4
  1141 | D:2      | Found a shimmering altar of Xom.
  1142 | D:2      | Noticed Robin
  1150 | D:2      | Slain by a goblin

Illustrated notes

Levels and vault maps discovered:
D:1:      co_arrival_square_in_a_square_in_a_square, layout_loops_corners,
          chequers_ecumenical_altar_island
D:2:      layout_rooms, basic_altar, uniq_robin

Skill      XL: |  1 |
---------------+----+-----
Stealth        | 6 |  6.9
Fighting       | |  1.9
Short Blades   | |  2.5
Throwing       | |  2.0
Dodging        | |  1.8

Action                   || total
-------------------------++-------
Melee: Dagger            ||    75
  Use: Scroll            ||     2
 Stab: Sleeping          ||    11
Armor: Robe              ||    14
Dodge: Dodged            ||    51
